 Dungeon Crawl Stone Soup version 0.28-a0-938-gbc3f381ebc (webtiles) character file.

Game seed: 2556834793986243962

207 ytrimaz the Ducker (level 6, -3/45 HPs)
             Began as a Djinni Gladiator on Nov 28, 2021.
             Slain by a gnoll (5 damage)
             ... on level 4 of the Dungeon on Nov 29, 2021.
             The game lasted 00:06:25 (5135 turns).

ytrimaz the Ducker (Djinni Gladiator)               Turns: 5135, Time: 00:06:26

Health: -3/45      AC:  8    Str: 13    XL:     6   Next: 11%
Gold:   116        EV: 12    Int: 11    God:
                   SH:  0    Dex: 11

rFire   + + .      SeeInvis .   a - +1 long sword
rCold   x . .      Faith    .   (no shield)
rNeg    + + +      Spirit   .   b - +0 leather armour
rPois   ∞          Reflect  .   c - +0 helmet
rElec   +          Harm     .   (no cloak)
rCorr   .          Rampage  .   (no gloves)
Will    .....                   (boots unavailable)
Stlth   +.........              (no amulet)
HPRegen 0.15/turn               h - ring of Interdependent Arising {rElec rN+++ AC+4 Dex-4}
MPRegen 0.00/turn               (no ring)

@: flying
A: sickness immunity, fire resistance 2, cold vulnerability 1, float, innate
caster, hp casting, extra vitality 1
a: no special abilities


You were on level 4 of the Dungeon.
You visited 1 branch of the dungeon, and saw 4 of its levels.

You collected 116 gold pieces.

Inventory:

Hand Weapons
 a - a +1 long sword (weapon)
Missiles
 d - 2 throwing nets
Armour
 b - a +0 leather armour (worn)
 c - a +0 helmet (worn)
Jewellery
 e - an amulet of faith
 h - the ring of Interdependent Arising (left hand) {rElec rN+++ AC+4 Dex-4}
   (You acquired it on level 2 of the Dungeon)

   [ring of protection]

   AC:        It affects your AC (+4).
   Dex:       It affects your dexterity (-4).
   rElec:     It insulates you from electricity.
   rN:        It renders you almost immune to negative energy.
Scrolls
 i - a scroll of identify
 k - a scroll of noise
Potions
 f - a potion of heal wounds
 g - a potion of curing
 l - a potion of lignification


   Skills:
 + Level 2.5 Fighting
 + Level 3.8 Long Blades
 - Level 1.5 Throwing
 + Level 4.2 Dodging
 * Level 2.4 Spellcasting


You had 6 spell levels left.
You knew the following spells:

 Your Spells              Type           Power      Damage    Failure   Level
a - Sandblast             Erth           12%        2d6       13%         1
b - Poisonous Vapours     Pois/Air       12%        N/A       21%         2
Your spell library was empty.

Dungeon Overview and Level Annotations

Branches:
Dungeon (4/15)
 Temple: D:4-7

Altars:
Ashenzari
Elyvilon
Gozag
Kikubaaqudgha
Sif Muna
The Shining One


Innate Abilities, Weirdness & Mutations

You are immune to sickness and miasma.
You are immune to poison.
Your flesh is very heat resistant. (rF++)
You are vulnerable to cold. (rC-)
You float through the air rather than walking.
You learn spells naturally, not from books.
Your magical power is your life essence.
You have superior vitality. (+4 HP)


Message History

Aiming: Poisonous Vapours (safe; 21% risk of failure)
Press: ? - help, Dir - move target, f/p - gnoll
Aim: a gnoll, wielding a +0 club (moderately wounded, very poisoned)
You miscast Poisonous Vapours.
You are very lightly contaminated with residual magic.
Nothing appears to happen.
* * * LOW HITPOINT WARNING * * *
The gnoll hits you but does no damage.
Casting: Poisonous Vapours (safe; 21% risk of failure)
Confirm with . or Enter, or press ? or * to list all spells.
Aiming: Poisonous Vapours (safe; 21% risk of failure)
Press: ? - help, Dir - move target, f/p - gnoll
Aim: a gnoll, wielding a +0 club (severely wounded, poisoned) Poisonous vapours surround the gnoll!
The gnoll looks even sicker.
* * * LOW HITPOINT WARNING * * *
The gnoll hits you but does no damage.
Unknown command.
You kill the gnoll!
You see here the Unrestrained Analects.
Your magical contamination has completely faded away.
You barely miss the gnoll. The gnoll hits you with a +0 flail.
* * * LOW HITPOINT WARNING * * *
The gnoll hits you but does no damage. The gnoll completely misses you.
The gnoll closely misses you. The gnoll barely misses you.
The gnoll hits you with a +0 flail.
* * * LOW HITPOINT WARNING * * *
The gnoll barely misses you.
Casting: Poisonous Vapours (safe; 21% risk of failure)
Confirm with . or Enter, or press ? or * to list all spells.
You don't know that spell.
Casting: Poisonous Vapours (safe; 21% risk of failure)
Confirm with . or Enter, or press ? or * to list all spells.
Aiming: Poisonous Vapours (safe; 21% risk of failure)
Press: ? - help, Dir - move target, f - gnoll
Aim: a gnoll, wielding a +0 flail Poisonous vapours surround the gnoll!
The gnoll is poisoned.
* * * LOW HITPOINT WARNING * * *
The gnoll hits you from afar with a +0 spear.
You die...

#≈§.§§§≈...≈≈###.###.# #...###
##≈≈..§§..§§## #.# #.####...#
##≈≈≈≈≈§≈§## #.# #........#
########### #.###.###.#..####
#......#..# #.....#<.......<#
#......##.####.###..##########
#........:.##..###........#
#.....##.#.##..###.#.####.#
#.....##)#..g.@.#..#.# #.#
#.....##.##.#.g.#....# #.#
#.....##.##.#..._....# #.#####
#.....##.##.##..#..#.# #.....#
#.....##.##.##..#....#
######.#
########.#.....###..##
#......# ###.#.#.#.###..#
#.###### #.).#.#...###..# #.#
#.###.##.......# #.#


You could see 2 gnolls.

Vanquished Creatures
  Terence (D:2)
  An orc wizard (D:3)
  3 adders (D:2)
  6 gnolls
  An adder skeleton (D:4)
  2 worms
  4 dart slugs
  3 orcs (D:3)
  3 endoplasms
  6 goblins
  6 hobgoblins
  2 jackals (D:1)
  6 kobolds
  A quokka (D:3)
  9 ball pythons
  A bat (D:1)
  2 frilled lizards
  4 rats
61 creatures vanquished.

Vanquished Creatures (others)
  A butterfly (D:3)
1 creature vanquished.

Grand Total: 62 creatures vanquished

Notes
Turn   | Place    | Note
-------+----------+-------------------------------------------
     0 | D:1      | ytrimaz the Djinni Gladiator began the quest for the Orb.
     0 | D:1      | Reached XP level 1. HP: 18/18 MP: 0/0
   332 | D:1      | Reached XP level 2. HP: 19/23 MP: 0/0
  1047 | D:1      | Reached XP level 3. HP: 28/28 MP: 0/0
  1047 | D:1      | Learned a level 1 spell: Sandblast
  1211 | D:1      | Found a faded altar of an unknown god.
  1544 | D:1      | Acquired the ring of Interdependent Arising {rElec rN+++
                  | AC+4 Dex-4}
  2162 | D:2      | Noticed Terence
  2183 | D:2      | Killed Terence
  2184 | D:2      | Reached skill level 4 in Dodging
  2184 | D:2      | Reached skill level 1 in Spellcasting
  2184 | D:2      | Reached XP level 4. HP: 13/33 MP: 0/0
  2487 | D:2      | Reached XP level 5. HP: 14/39 MP: 0/0
  2487 | D:2      | Learned a level 2 spell: Poisonous Vapours
  3539 | D:3      | Found a glowing golden altar of the Shining One.
  3729 | D:3      | Found an opulent altar of Gozag.
  4265 | D:3      | Found a white marble altar of Elyvilon.
  5001 | D:4      | Found a broken altar of Ashenzari.
  5110 | D:4      | Reached XP level 6. HP: 16/45 MP: 0/0
  5135 | D:4      | Slain by a gnoll

Illustrated notes

Levels and vault maps discovered:
D:1:      amcnicky_arrival_wind_blow, layout_loops_ring,
          chequers_ecumenical_altar_lobes, item_on_display_a
D:2:      layout_rooms, uniq_terence
D:3:      layout_basic, mainiacjoe_overflow_divided_tiny,
          nicolae_elyvilon_peaceful_grove, lemuel_doored_altar,
          mainiacjoe_overflow_catwalk
D:4:      layout_basic, cheibrodos_ashenzari_chains, supply_closet_lemuel,
          kennysheep_cross_room

Skill      XL: |  1  2  3  4  5 |
---------------+----------------+-----
Long Blades    | 3 |  3.8
Dodging        | 4 |  4.2
Spellcasting   | 1 2 |  2.4
Fighting       | |  2.5
Throwing       | |  1.5

Action                   |  1- 3 |  4- 6 || total
-------------------------+-------+-------++-------
Melee: Long sword        |    76 |    66 ||   142
Throw: Throwing net      |     2 |       ||     2
 Cast: Sandblast         |    13 |     2 ||    15
       Poisonous Vapours |       |    56 ||    56
  Use: Scroll            |     3 |     4 ||     7
       Potion            |     2 |       ||     2
 Stab: Sleeping          |     3 |       ||     3
Armor: Leather armour    |    27 |    38 ||    65
Dodge: Dodged            |    68 |    74 ||   142

Table legend: (Time is in decaauts)
 A = Elapsed time spent in this place.
 B = Non-inter-level travel time spent in this place.
 C = Inter-level travel time spent in this place.
 D = Time resting spent in this place.
 E = Time spent auto-exploring this place.
 F = Levels seen in this place.
 G = Mean time per level.
                   A        B        C        D        E       F      G
               +--------+--------+--------+--------+--------+-----+--------+
         Total |   5168 |   5009 |    159 |    468 |   3805 |   4 | 1292.0 |
       Dungeon |   5168 |   5009 |    159 |    468 |   3805 |   4 | 1292.0 |
               +--------+--------+--------+--------+--------+-----+--------+

Top non-repeatable levels by time:
     D:2: 1776 daAuts
     D:1: 1629 daAuts
     D:3: 1373 daAuts
     D:4: 388 daAuts
